 Dungeon Crawl Stone Soup version 0.26-b1-59-ge38874ec40 (webtiles) character file.

Game seed: 5596513271646206389

6 thedisplayname the Sneak (level 1, -1/11 HPs)
             Began as an Octopode Hedge Wizard on Jan 8, 2021.
             Slain by a giant cockroach (2 damage)
             ... on level 1 of the Dungeon.
             The game lasted 00:01:50 (387 turns).

thedisplayname the Sneak (Octopode Hedge Wizard)     Turns: 387, Time: 00:01:50

Health: -1/11      AC:  1    Str:  9    XL:     1   Next: 90%
Magic:  4/4        EV: 13    Int: 16    God:
Gold:   13         SH:  0    Dex: 11    Spells: 5/6 levels left

rFire    . . .     SeeInvis .   a - +0 dagger
rCold    . . .     Faith    .   (no shield)
rNeg     . . .     Spirit   .   b - +0 hat
rPois    .         Reflect  .   (no amulet)
rElec    .         Harm     .   (no ring)
rCorr    .         Rampage  .   (no ring)
Will     .....                  (no ring)
Stlth    +++.......             (no ring)
HPRegen  0.03/turn              (no ring)
MPRegen  0.09/turn              (no ring)
                                (no ring)
                                (no ring)

@: no status effects
A: almost no armour, stealthy swim, amphibious, 8 rings, constrict 8, camouflage
1, gelatinous body 1
a: no special abilities


You were on level 1 of the Dungeon.
You visited 1 branch of the dungeon, and saw 1 of its levels.

You collected 13 gold pieces.

Inventory:

Hand Weapons
 a - a +0 dagger (weapon)
Armour
 b - a +0 hat (worn)
Potions
 c - a potion of heal wounds {unknown}


   Skills:
 + Level 2.1 Dodging
 * Level 3.1 Stealth
 + Level 3.0 Spellcasting
 + Level 1.1 Conjurations
 - Level 1.0 Summonings
 - Level 1.0 Translocations


You had 5 spell levels left.
You knew the following spells:

 Your Spells              Type           Power        Failure   Level
a - Magic Dart            Conj           24%          12%         1

Your spell library contained the following spells:

 Spells                   Type           Power        Failure   Level
 Blink                    Tloc           N/A          19%         2
 Call Imp                 Summ           5%           19%         2
 Slow                     Hex            2%           28%         2
 Conjure Flame            Conj/Fire      4%           41%         3
 Mephitic Cloud           Conj/Pois/Air  3%           43%         3


Dungeon Overview and Level Annotations

Branches:
Dungeon (1/15)

Altars:


Innate Abilities, Weirdness & Mutations

You cannot wear most types of armour.
You are very stealthy in the water. (Stealth+)
You are amphibious.
You can wear up to eight rings at the same time.
You can use your tentacles to constrict eight enemies at once.
Your skin changes colour to match your surroundings (Stealth+).
Your rubbery body absorbs attacks. (AC +1, EV +1)


Message History

The giant cockroach barely misses you. The hobgoblin hits you with a +0 club.
Ouch! That really hurt!
The giant cockroach bites you.
* * * LOW HITPOINT WARNING * * *
The hobgoblin hits you with a +0 club.
* * * LOW HITPOINT WARNING * * *
The giant cockroach closely misses you.
The giant cockroach completely misses you.
The giant cockroach closely misses you. The giant cockroach closely misses you.
The giant cockroach bites you.
* * * LOW HITPOINT WARNING * * *
The giant cockroach bites you but does no damage.
The giant cockroach misses you.
Found 26 stones.
Found 5 gold pieces and a dagger.
A rat comes into view.
The giant cockroach bites you.
You die...

#..... ... #.....
.).#### ##### #.(...
....$.. .... +.....
....... #.## #.....
....... ###..####.....
r......####..........#.#
[...(.....###..#........
#..@Bg.......#.....#
#............##...##
#............###.###
#.........###.#####.
#..........###.###.#
#...........###...##
#............##.<.##
#...........###...##
..........###.###.#


You could see a giant cockroach, a hobgoblin and a rat (asleep).

Vanquished Creatures
  A dart slug (D:1)
  A goblin (D:1)
  A bat (D:1)
  A frilled lizard (D:1)
  A kobold (D:1)
5 creatures vanquished.

Notes
Turn   | Place    | Note
-------+----------+-------------------------------------------
     0 | D:1      | thedisplayname the Octopode Hedge Wizard began the quest
                  | for the Orb.
     0 | D:1      | Reached XP level 1. HP: 11/11 MP: 4/4
   387 | D:1      | Slain by a giant cockroach

Illustrated notes

Levels and vault maps discovered:
D:1:      roderic_crossed_star, layout_basic, minivault_4, st_stairs_2

Skill      XL: |  1 |
---------------+----+-----
Stealth        | 3 |  3.1
Dodging        | |  2.1
Spellcasting   | |  3.0
Conjurations   | |  1.1
Summonings     | |  1.0
Translocations | |  1.0

Action                   || total
-------------------------++-------
Melee: Dagger            ||     6
       Constrict         ||     3
 Cast: Magic Dart        ||    12
Armor: Skin              ||     1
Dodge: Dodged            ||    15
